[Event "Titled Tuesday Blitz December 27 Early 2022"]
[White "Altman, Joshua"]
[Black "Ciuffoletti, Paolo"]
[WhiteFideId "426210"]
[BlackFideId "807630"]
[WhiteElo "2120"]
[BlackElo "2106"]
[Result "1/2-1/2"]
[Round "04"]
[TimeControl "180+2"]
[Date "2022.12.27"]
[WhiteClock "0:00:06"]
[BlackClock "0:00:04"]

1. d4 d5 2. c4 c6 3. cxd5 cxd5 4. Nf3 Nf6 5. Nc3 Nc6 6. Bf4 Bf5 7. e3 e6 8. Qb3 Bb4 9. Bb5 O-O 10. Bxc6 Bxc3+ 11. Qxc3 Rc8 12. Ne5 bxc6 13. O-O c5 14. dxc5 Ne4 15. Qa3 Rxc5 16. f3 Ra5 17. Nc6 Rxa3 18. Nxd8 Nd2 19. Rfd1 Rd3 20. Nc6 Nc4 21. Ne7+ Kh8 22. Nxf5 Rxd1+ 23. Rxd1 exf5 24. Rxd5 Nxb2 25. Rd7 a5 26. Bd6 Rc8 27. Rxf7 h6 28. Be5 Rc1+ 29. Kf2 Nd3+ 30. Ke2 Nxe5 31. Rxf5 Rc2+ 32. Kd1 Rc5 33. Rf8+ Kh7 34. Ra8 Nc4 35. e4 Rb5 36. Kc2 Ne3+ 37. Kd3 Nxg2 38. Kc4 Rh5 39. Kd4 Nf4 40. e5 Kg6 41. Rxa5 Rh4 42. Ke3 Ne6 43. Rb5 Kf5 44. Rb7 Rxh2 45. a4 h5 46. a5 h4 47. a6 h3 48. Rb4 Ra2 49. Rh4 h2 50. a7 g5 51. Rxh2 Rxa7 52. Rg2 Ra3+ 53. Kf2 Nf4 54. Rg4 Ra2+ 55. Ke3 Re2+ 56. Kd4 Rd2+ 57. Ke3 Re2+ 58. Kd4 Rd2+ 59. Ke3 Re2+ 1/2-1/2


[Site "https://www.chess.com"]

[Event "Titled Tuesday Blitz December 27 Early 2022"]
[White "Ambartsumova, Karina"]
[Black "Mikhailovsky, Vladimir"]
[WhiteFideId "4166299"]
[BlackFideId "34105414"]
[WhiteElo "2393"]
[BlackElo "2215"]
[Result "1-0"]
[Round "04"]
[TimeControl "180+2"]
[Date "2022.12.27"]
[WhiteClock "0:00:04"]
[BlackClock "0:00:03"]

1. Nf3 Nf6 2. g3 b5 3. Bg2 Bb7 4. O-O e6 5. d4 d5 6. a4 a6 7. Qd3 bxa4 8. Nc3 Nbd7 9. Nxa4 c5 10. c4 Be7 11. Bf4 O-O 12. Rfd1 Rc8 13. cxd5 Nxd5 14. dxc5 Nxc5 15. Nxc5 Bxc5 16. Be5 Qb6 17. e3 Nb4 18. Qe2 f6 19. Bc3 e5 20. Nh4 Bxg2 21. Kxg2 Qb7+ 22. Kg1 g6 23. Bxb4 Bxb4 24. Qxa6 Qxa6 25. Rxa6 Rc2 26. Rb1 Kg7 27. Rb6 Ba5 28. Rb7+ Rf7 29. Rxf7+ Kxf7 30. b4 Bb6 31. Ng2 Ke6 32. Ne1 Rc3 33. Kg2 f5 34. h3 e4 35. g4 Ke5 36. Rb2 Rc1 37. Nc2 Rd1 38. b5 Rd2 39. Na3 Rd3 40. Nc4+ Kd5 41. Nxb6+ Kc5 42. Na4+ Kd6 43. b6 f4 44. exf4 1-0


[Site "https://www.chess.com"]

[Event "Titled Tuesday Blitz December 27 Early 2022"]
[White "Ankerst, Mihael"]
[Black "Gabdrakhmanov, Azat"]
[WhiteFideId "14602369"]
[BlackFideId "34189197"]
[WhiteElo "2370"]
[BlackElo "2316"]
[Result "0-1"]
[Round "04"]
[TimeControl "180+2"]
[Date "2022.12.27"]
[WhiteClock "0:00:54"]
[BlackClock "0:00:24"]

1. e4 c5 2. Nf3 e6 3. d4 cxd4 4. Nxd4 a6 5. c4 Nf6 6. Nc3 Qc7 7. Be2 b6 8. O-O Bb7 9. f3 d6 10. Be3 Nbd7 11. Qd2 Be7 12. Rfc1 O-O 13. a4 Ne5 14. a5 bxa5 15. Nb3 Rab8 16. Nxa5 Ba8 17. Na4 Nc6 18. Nxc6 Bxc6 19. b4 Qb7 20. Rcb1 d5 21. b5 axb5 22. exd5 exd5 23. cxb5 Bd7 24. Nc5 Bxc5 25. Bxc5 Rfe8 26. Ra7 Qc8 27. Bd4 Bf5 28. Bd3 Bxd3 29. Qxd3 Qe6 30. b6 Nd7 31. b7 Ne5 32. Qc3 Qf5 33. Re1 Nc6 34. Rxe8+ Rxe8 35. Qxc6 Qb1+ 36. Kf2 Qe1# 0-1


[Site "https://www.chess.com"]

[Event "Titled Tuesday Blitz December 27 Early 2022"]
[White "Antonio, Jorge Carlos"]
[Black "Tymrakiewicz, Rafal"]
[WhiteFideId "113190"]
[BlackFideId "1108832"]
[WhiteElo "2277"]
[BlackElo "2144"]
[Result "0-1"]
[Round "04"]
[TimeControl "180+2"]
[Date "2022.12.27"]
[WhiteClock "0:00:13"]
[BlackClock "0:00:46"]

1. e4 c6 2. f4 d5 3. Nc3 dxe4 4. Nxe4 Nf6 5. Qe2 Qd5 6. d3 Bf5 7. Nc3 Qa5 8. Bd2 e6 9. h3 h5 10. g3 Bb4 11. Nf3 Nd5 12. Ne4 Bxd2+ 13. Nfxd2 Qb4 14. O-O-O Na6 15. a3 Qe7 16. Nc4 O-O-O 17. Qf2 Kb8 18. Bg2 Rd7 19. Rhf1 Rhd8 20. Rfe1 Nf6 21. Ne5 Rc7 22. Kb1 Nd7 23. Nxd7+ Rcxd7 24. Nc3 Qc5 25. Be4 Qxf2 0-1


[Site "https://www.chess.com"]

[Event "Titled Tuesday Blitz December 27 Early 2022"]
[White "Araujo, Everson De Moura"]
[Black "Fernandez Siles, Luis"]
[WhiteFideId "22737197"]
[BlackFideId "2209420"]
[WhiteElo "1944"]
[BlackElo "2218"]
[Result "0-1"]
[Round "04"]
[TimeControl "180+2"]
[Date "2022.12.27"]
[WhiteClock "0:00:44"]
[BlackClock "0:01:32"]

1. c4 Nf6 2. Nc3 g6 3. g3 Bg7 4. Bg2 O-O 5. e4 d6 6. Nge2 c5 7. O-O Nc6 8. h3 Ne8 9. g4 Nc7 10. d3 Ne6 11. f4 Ned4 12. f5 Rb8 13. a4 a6 14. Kh1 b5 15. axb5 axb5 16. Rb1 bxc4 17. dxc4 Ne5 18. Nxd4 cxd4 19. Qxd4 Nxg4 20. Qd3 Ne5 21. Qe2 Ba6 22. Nb5 Nxc4 0-1


[Site "https://www.chess.com"]

[Event "Titled Tuesday Blitz December 27 Early 2022"]
[White "Aravindh, Chithambaram VR."]
[Black "Kezin, Roman"]
[WhiteFideId "5072786"]
[BlackFideId "24124621"]
[WhiteElo "2633"]
[BlackElo "2514"]
[Result "1-0"]
[Round "04"]
[TimeControl "180+2"]
[Date "2022.12.27"]
[WhiteClock "0:00:15"]
[BlackClock "0:00:04"]

1. b3 a5 2. Bb2 a4 3. b4 Nf6 4. a3 e6 5. Nf3 b6 6. e3 Bb7 7. c4 d5 8. Nc3 Nbd7 9. Nxa4 Bd6 10. Nc3 O-O 11. Be2 c5 12. bxc5 bxc5 13. O-O dxc4 14. Bxc4 Bxf3 15. Qxf3 Bxh2+ 16. Kxh2 Qb8+ 17. Kg1 Qxb2 18. Qe2 Ne5 19. a4 Nxc4 20. Qxc4 Qxd2 21. a5 Nd5 22. Ne4 Qb4 23. Rfc1 Rfc8 24. a6 Qb6 25. Nxc5 Ra7 26. Rab1 Qc6 27. Nxe6 Qxc4 28. Rxc4 Re8 29. Nc5 g6 30. Rb7 Rea8 31. Rd4 Nc7 32. Rd7 Nxa6 33. Rxa7 Rxa7 34. Rxa7 Nxc5 35. g4 Ne4 36. Kg2 Kg7 37. Kf3 Nf6 38. Kf4 h5 39. gxh5 Nxh5+ 40. Ke5 Nf6 41. f3 Nh5 42. Ra6 Kg8 43. Kd6 Kg7 44. Ke7 Ng3 45. e4 Ne2 46. Rf6 Nd4 47. Rxf7+ Kh6 48. Kf6 Nxf3 49. e5 Ng5 50. e6 Ne4+ 51. Ke5 Ng5 52. Rf8 Kg7 53. e7 Nf7+ 54. Kd5 1-0


[Site "https://www.chess.com"]

[Event "Titled Tuesday Blitz December 27 Early 2022"]
[White "Atakhan, Abtin"]
[Black "Minko, Dmitry"]
[WhiteFideId "22502203"]
[BlackFideId "24188468"]
[WhiteElo "2422"]
[BlackElo "2247"]
[Result "1-0"]
[Round "04"]
[TimeControl "180+2"]
[Date "2022.12.27"]
[WhiteClock "0:00:06"]
[BlackClock "0:00:10"]

1. c4 e6 2. Nf3 d5 3. g3 Nf6 4. Bg2 dxc4 5. Qa4+ Nbd7 6. Qxc4 a6 7. O-O b5 8. Qb3 Bb7 9. d4 c5 10. Rd1 Rc8 11. Nc3 c4 12. Qc2 b4 13. Na4 Be4 14. Qd2 c3 15. bxc3 Qa5 16. Nc5 bxc3 17. Qe1 Nxc5 18. dxc5 Bxc5 19. Bg5 Nd5 20. Bh3 h6 21. Bc1 O-O 22. Nd4 Qb4 23. Nb3 Ba7 24. Bg2 Bc2 25. Rxd5 exd5 26. Bxd5 Be4 27. Ba3 Qxa3 28. Bxe4 c2 29. Rc1 Qxa2 30. Bd5 Rb8 31. Qc3 Rfc8 32. Qf3 Qb1 33. Qxf7+ Kh8 34. Qf5 Rxb3 35. Qxc8+ Kh7 36. Qf5+ Kh8 37. Qc8+ Kh7 38. Be4+ g6 39. Qd7+ Kh8 40. Qe8+ Kg7 41. Qe7+ Kh8 42. Qf8+ Kh7 43. Qf7+ Kh8 44. Qf6+ Kg8 45. Bd5+ Kh7 46. Qf7+ Kh8 47. Qg8# 1-0


[Site "https://www.chess.com"]

[Event "Titled Tuesday Blitz December 27 Early 2022"]
[White "Atakishiyev, Elmar"]
[Black "Makarian, Rudik"]
[WhiteFideId "13410547"]
[BlackFideId "44105681"]
[WhiteElo "2363"]
[BlackElo "2545"]
[Result "1-0"]
[Round "04"]
[TimeControl "180+2"]
[Date "2022.12.27"]
[WhiteClock "0:01:27"]
[BlackClock "0:01:26"]

1. Nf3 Nf6 2. g3 b5 3. Bg2 Bb7 4. O-O e6 5. d3 Be7 6. e4 d5 7. e5 Nfd7 8. Nbd2 c5 9. Re1 Nc6 10. Nf1 O-O 11. h4 Qc7 12. Bf4 Rfc8 13. N1h2 Qd8 14. h5 h6 15. Ng4 Bf8 16. Qd2 a5 17. Bxh6 gxh6 18. Nxh6+ Bxh6 19. Qxh6 Qf8 20. Qf4 Nd4 21. h6 Nxc2 22. Ng5 Nxa1 23. h7+ Kg7 24. h8=Q+ Qxh8 25. Qxf7+ Kh6 26. Qxe6+ Nf6 27. Nf7+ Kh7 28. Nxh8 Ng8 29. Nf7 Nc2 30. Ng5+ Kh8 31. Qh3+ 1-0


[Site "https://www.chess.com"]

[Event "Titled Tuesday Blitz December 27 Early 2022"]
[White "Avila Pavas, Santiago"]
[Black "Bok, Benjamin"]
[WhiteFideId "4437128"]
[BlackFideId "1017063"]
[WhiteElo "2522"]
[BlackElo "2607"]
[Result "0-1"]
[Round "04"]
[TimeControl "180+2"]
[Date "2022.12.27"]
[WhiteClock "0:00:04"]
[BlackClock "0:00:12"]

1. d4 Nf6 2. Nf3 d5 3. Bf4 c5 4. e3 Nc6 5. Nc3 Bg4 6. Be2 e6 7. Ne5 Bxe2 8. Nxe2 Qb6 9. O-O Be7 10. a3 cxd4 11. exd4 O-O 12. b3 Rac8 13. Bg5 Qc7 14. Nf3 Ne4 15. Bf4 Bd6 16. Bxd6 Nxd6 17. Qd3 Ne7 18. Rfc1 h6 19. Ne5 b5 20. c3 a6 21. Ng3 Nc6 22. Nf3 Na5 23. Rab1 Qe7 24. h4 Rc7 25. Ne5 Qxh4 26. Rb2 Rfc8 27. Nf3 Qf4 28. Rcc2 Ne4 29. Ne2 Qf5 30. Rb1 Nxc3 31. Qxf5 exf5 32. Re1 Nxb3 33. Nf4 g5 34. Nh5 Ne4 35. Rxc7 Rxc7 36. Ne5 f6 37. Nd3 Nxd4 38. f3 Nc3 39. Nxf6+ Kf7 40. Ne8 Re7 41. Nd6+ Kf8 42. Rf1 Re6 43. Nb7 Ke7 44. Nbc5 Re3 45. Kf2 f4 46. Kg1 Nce2+ 47. Kh2 Ng3 48. Kg1 Nxf1 49. Kxf1 Ne2 50. Kf2 Ng3 51. Nc1 Rc3 52. N5b3 Rc2+ 53. Ke1 Kd6 54. Kd1 Rxg2 55. Nd4 Rg1+ 56. Kc2 h5 57. Nd3 Rg2+ 58. Kc3 h4 0-1


[Site "https://www.chess.com"]

[Event "Titled Tuesday Blitz December 27 Early 2022"]
[White "Ayushh, Ravikumar"]
[Black "Thomforde-Toates, Noah"]
[WhiteFideId "35039482"]
[BlackFideId "30951992"]
[WhiteElo "2032"]
[BlackElo "2124"]
[Result "1-0"]
[Round "04"]
[TimeControl "180+2"]
[Date "2022.12.27"]
[WhiteClock "0:00:27"]
[BlackClock "0:00:21"]

1. e4 d6 2. d4 Nf6 3. Nc3 g6 4. Nf3 Bg7 5. Bc4 O-O 6. O-O c6 7. Bb3 b5 8. Re1 Nbd7 9. e5 dxe5 10. dxe5 Ng4 11. e6 Nc5 12. exf7+ Kh8 13. Bg5 Nxb3 14. axb3 Bf5 15. Qxd8 Rfxd8 16. Bxe7 Rd7 17. Rad1 Rb7 18. h3 Nh6 19. Ng5 Rbb8 20. Bd8 Bf8 21. Bf6+ Bg7 22. Rd8+ Rxd8 23. Bxd8 Rxd8 24. Re8+ Bf8 25. Rxd8 Kg7 26. Nxh7 Kxh7 27. Rxf8 Kg7 28. Ra8 Nxf7 29. Rxa7 Bxc2 30. b4 Kf6 31. Rc7 Ne5 32. f4 Nd3 33. Rxc6+ Kg7 34. Nd5 Bb3 35. Rc3 Bxd5 36. Rxd3 Bc4 37. Rd7+ Kf6 38. Rd6+ Kf5 39. g3 Be2 40. Kf2 Bc4 41. Kf3 Be2+ 42. Kxe2 Ke4 43. Rxg6 Kd4 44. Rg5 Kc4 45. f5 Kxb4 46. f6 Kb3 47. f7 Kxb2 48. f8=Q b4 49. Qxb4+ Kc2 50. Rc5# 1-0


[Site "https://www.chess.com"]

[Event "Titled Tuesday Blitz December 27 Early 2022"]
[White "Babazada, Khazar"]
[Black "Tomb, Maroun"]
[WhiteFideId "13413554"]
[BlackFideId "5300398"]
[WhiteElo "2474"]
[BlackElo "2090"]
[Result "1/2-1/2"]
[Round "04"]
[TimeControl "180+2"]
[Date "2022.12.27"]
[WhiteClock "0:00:11"]
[BlackClock "0:00:14"]

1. e4 d6 2. d4 Nf6 3. Nc3 e5 4. Nf3 Nbd7 5. Be3 Be7 6. h3 c6 7. a4 Qc7 8. Bc4 h6 9. O-O Nf8 10. Nh4 Ne6 11. dxe5 dxe5 12. Nf5 O-O 13. Qf3 Ng5 14. Bxg5 hxg5 15. Rad1 g6 16. Nxe7+ Qxe7 17. Rd2 g4 18. hxg4 Bxg4 19. Qe3 a6 20. f3 Be6 21. Bxe6 Qxe6 22. a5 Rad8 23. Rfd1 Rxd2 24. Rxd2 Kg7 25. b3 Rh8 26. Na4 Qe7 27. Qc5 Qc7 28. Nb6 Rh5 29. Rd6 Qe7 30. Nd7 Ng8 31. Rd1 Qh4 32. Qf8+ Kh8 33. Rf1 Qg3 34. Qd6 Kg7 35. Qf8+ Kh8 36. Qd6 Kg7 37. Qd2 Qh4 38. Qd6 Qg3 1/2-1/2


[Site "https://www.chess.com"]

[Event "Titled Tuesday Blitz December 27 Early 2022"]
[White "Balakrishnan, Praveen"]
[Black "Koutlas, Nikolaos"]
[WhiteFideId "2064871"]
[BlackFideId "25827138"]
[WhiteElo "2529"]
[BlackElo "2341"]
[Result "1-0"]
[Round "04"]
[TimeControl "180+2"]
[Date "2022.12.27"]
[WhiteClock "0:00:16"]
[BlackClock "0:00:03"]

1. e4 c5 2. Nf3 Nc6 3. d4 cxd4 4. Nxd4 e5 5. Nb5 d6 6. c4 g6 7. N1c3 a6 8. Na3 Bg7 9. Nc2 Be6 10. Be3 Nf6 11. f3 O-O 12. Qd2 Rc8 13. O-O-O Na5 14. b3 b5 15. Qxd6 bxc4 16. Qxd8 Rfxd8 17. Rxd8+ Rxd8 18. Bb6 Nxb3+ 19. axb3 Rb8 20. Bc7 Rc8 21. Bxe5 cxb3 22. Na3 Nxe4 23. Bxg7 Kxg7 24. fxe4 Rxc3+ 25. Kd2 Rc5 26. Bd3 Ra5 27. Nc4 Ra2+ 28. Kc3 Rxg2 29. Kxb3 Rf2 30. Kc3 h5 31. h4 Rf4 32. Ne3 Rf3 33. Kd4 Rg3 34. Bxa6 Kh6 35. Bd3 Rf3 36. Nd5 Rf2 37. Nc7 Bd7 38. Ke3 Rb2 39. Nd5 Be6 40. Nf4 Bg4 41. e5 Ra2 42. Bc4 Ra5 43. Kd4 Kg7 44. Rb1 Ra4 45. Rb7 Kh6 46. Rxf7 g5 47. Rf6+ Kg7 48. hxg5 h4 49. Rh6 h3 50. Kc5 Ra5+ 51. Kd6 Ra4 52. Ne6+ Bxe6 53. Bxe6 Ra6+ 54. Ke7 Ra5 55. Kd6 Ra6+ 56. Kd5 Ra5+ 57. Ke4 Ra3 58. Rxh3 Ra4+ 59. Kf5 Ra1 60. Bd5 Rf1+ 61. Ke6 Rf8 62. Ke7 Ra8 63. Bxa8 1-0


[Site "https://www.chess.com"]

[Event "Titled Tuesday Blitz December 27 Early 2022"]
[White "Barp, Alberto"]
[Black "Oparin, Grigoriy"]
[WhiteFideId "872555"]
[BlackFideId "24125890"]
[WhiteElo "2432"]
[BlackElo "2667"]
[Result "0-1"]
[Round "04"]
[TimeControl "180+2"]
[Date "2022.12.27"]
[WhiteClock "0:00:05"]
[BlackClock "0:00:16"]

1. d4 f5 2. e4 fxe4 3. Nc3 Nf6 4. Bg5 g6 5. f3 d5 6. fxe4 dxe4 7. Bc4 Bg7 8. Nge2 Nc6 9. Qd2 Na5 10. Bb3 Nxb3 11. axb3 O-O 12. O-O-O a5 13. Ng3 Bf5 14. Rhf1 Qd7 15. d5 a4 16. bxa4 Rxa4 17. Nxa4 Qxa4 18. Qe3 Ng4 19. Qa3 Qxa3 20. bxa3 Nxh2 21. Rh1 Ng4 22. Nxf5 Rxf5 23. Bh4 e3 24. Rhe1 g5 25. Bg3 Nf2 26. Bxf2 exf2 27. Rf1 g4 28. g3 Be5 29. Rd3 h5 30. Kd2 h4 31. gxh4 g3 32. Ke2 Rf6 33. Rf3 g2 0-1


[Site "https://www.chess.com"]

[Event "Titled Tuesday Blitz December 27 Early 2022"]
[White "Bas Mas, Jose Joaquin"]
[Black "Derjabin, Ilja"]
[WhiteFideId "22219064"]
[BlackFideId "14104768"]
[WhiteElo "2197"]
[BlackElo "2333"]
[Result "0-1"]
[Round "04"]
[TimeControl "180+2"]
[Date "2022.12.27"]
[WhiteClock "0:00:01"]
[BlackClock "0:00:27"]

1. e4 c5 2. Nc3 e6 3. d3 d5 4. exd5 exd5 5. d4 c4 6. g3 Bb4 7. Bg2 Ne7 8. Ne2 Nbc6 9. O-O O-O 10. a3 Ba5 11. b4 cxb3 12. cxb3 Bg4 13. b4 Bb6 14. h3 Bh5 15. g4 Bg6 16. Bg5 f6 17. Bh4 Qd7 18. Qb3 Rad8 19. Rad1 h5 20. Nf4 hxg4 21. Ncxd5 Bf7 22. Nxb6 axb6 23. d5 Ne5 24. Ne6 Nf3+ 25. Bxf3 gxf3 26. Qxf3 Bxe6 27. dxe6 Qxe6 28. Rde1 Qf7 29. Qxb7 Nf5 30. Qxf7+ Rxf7 31. Bg3 Ra8 32. Bf4 Rxa3 33. Kg2 Nh4+ 34. Kh1 Rxh3+ 0-1


[Site "https://www.chess.com"]

[Event "Titled Tuesday Blitz December 27 Early 2022"]
[White "Bashirli, Saadat"]
[Black "Borrmann, Laurenz"]
[WhiteFideId "13429990"]
[BlackFideId "312187930"]
[WhiteElo "1571"]
[BlackElo "2304"]
[Result "0-1"]
[Round "04"]
[TimeControl "180+2"]
[Date "2022.12.27"]
[WhiteClock "0:00:57"]
[BlackClock "0:01:25"]

1. d4 Nf6 2. c4 g6 3. Nc3 Bg7 4. e4 d6 5. Bg5 O-O 6. Be2 c5 7. d5 e6 8. Nf3 exd5 9. Nxd5 Be6 10. Nxf6+ Bxf6 11. Bxf6 Qxf6 12. Qxd6 Qxb2 13. Qe5 Qb4+ 14. Kf1 Nc6 15. Qf6 Bxc4 16. Ng5 Bxe2+ 17. Kxe2 h6 18. h4 Nd4+ 19. Kf1 Qc4+ 20. Kg1 Ne2+ 21. Kh2 hxg5 22. hxg5 Qxe4 23. g3 Qf5 24. Qxf5 gxf5 25. Kg2 Kg7 26. Rhe1 Rfe8 27. Rab1 b6 28. Kf3 Nd4+ 29. Kf4 Rxe1 30. Rxe1 Kf8 31. g4 fxg4 32. Kxg4 Re8 33. Rh1 Re4+ 34. f4 Ne6 35. Rf1 Kg7 36. Kg3 c4 37. f5 Nxg5 38. f6+ Kg6 39. Rc1 b5 40. Kf2 a6 41. Kg2 Kxf6 0-1


[Site "https://www.chess.com"]

[Event "Titled Tuesday Blitz December 27 Early 2022"]
[White "Bazarov, Konstantin"]
[Black "Fabris, Alberto"]
[WhiteFideId "4137000"]
[BlackFideId "801348"]
[WhiteElo "2235"]
[BlackElo "2230"]
[Result "1-0"]
[Round "04"]
[TimeControl "180+2"]
[Date "2022.12.27"]
[WhiteClock "0:00:17"]
[BlackClock "0:00:01"]

1. c4 e5 2. g3 Nf6 3. Bg2 Bc5 4. Nf3 d6 5. O-O O-O 6. d4 exd4 7. Nxd4 c6 8. Nc3 h6 9. Bf4 Nbd7 10. Nb3 Ne8 11. Ne4 Qe7 12. Qd2 Ne5 13. Rac1 Bf5 14. Nbxc5 dxc5 15. Rfd1 Ng6 16. Nd6 Be6 17. Be3 Nxd6 18. Qxd6 Qxd6 19. Rxd6 Ne5 20. Bxc5 Rfd8 21. b3 b6 22. Rxd8+ Rxd8 23. Bb4 c5 24. Bc3 Ng6 25. Kf1 Ne7 26. Ke1 f6 27. Rd1 Rxd1+ 28. Kxd1 Kf7 29. Kd2 Nc8 30. e4 Ke7 31. Ke3 Bf7 32. f4 Nd6 33. g4 h5 34. g5 fxg5 35. fxg5 g6 36. Kd3 Be6 37. Bf6+ Kf7 38. Ke3 Bg4 39. Bf1 Ke6 40. Bd3 Bh3 41. Kf4 Bg4 42. Be5 Nf7 43. Bb8 a6 44. Ba7 Nd6 45. Bxb6 1-0


[Site "https://www.chess.com"]

[Event "Titled Tuesday Blitz December 27 Early 2022"]
[White "Begunov, Konstantin"]
[Black "gshwbedhkhd"]
[WhiteFideId "4118510"]
[WhiteElo "2325"]
[BlackElo "2577"]
[Result "1-0"]
[Round "04"]
[TimeControl "180+2"]
[Date "2022.12.27"]
[WhiteClock "0:00:18"]
[BlackClock "0:00:01"]

1. d4 f5 2. Nc3 Nf6 3. Bg5 d5 4. Bxf6 exf6 5. e3 Be6 6. Bd3 Qd7 7. Qf3 Nc6 8. Nge2 Ne7 9. Nf4 Bf7 10. h4 h5 11. O-O-O O-O-O 12. Kb1 Kb8 13. Rc1 c6 14. Na4 g6 15. Nc5 Qd6 16. c4 Nc8 17. cxd5 cxd5 18. Rc3 Nb6 19. Rhc1 Bh6 20. g3 Nd7 21. Na4 Rhe8 22. Bb5 Re7 23. Bxd7 Qxd7 24. Nc5 Qd6 25. Qd1 Bf8 26. Qa4 Be8 27. Qb4 Qb6 28. Qxb6 axb6 29. Ncd3 Red7 30. a3 Bf7 31. Nb4 Bxb4 32. axb4 g5 33. Ng2 Rg8 34. Kc2 Be6 35. Kd3 f4 36. exf4 Bh3 37. Ne3 gxh4 38. gxh4 Bg2 39. Ke2 Be4 40. f3 Bh7 41. f5 Re8 42. Kd3 Rde7 43. Kd2 1-0


[Site "https://www.chess.com"]

[Event "Titled Tuesday Blitz December 27 Early 2022"]
[White "Belozerov, Andrei"]
[Black "Quinones Garcia, Santiago"]
[WhiteFideId "4120213"]
[BlackFideId "4408497"]
[WhiteElo "2461"]
[BlackElo "2248"]
[Result "1-0"]
[Round "04"]
[TimeControl "180+2"]
[Date "2022.12.27"]
[WhiteClock "0:00:20"]
[BlackClock "0:00:01"]

1. d4 Nf6 2. c4 g6 3. g3 d5 4. Bg2 c6 5. Nf3 Bg7 6. O-O O-O 7. a4 Nbd7 8. cxd5 cxd5 9. Nc3 e6 10. b3 b6 11. Ba3 Re8 12. Nb5 Ne4 13. Nd2 Ndf6 14. Nxe4 dxe4 15. Nd6 Re7 16. Nxc8 Rxc8 17. Bxe7 Qxe7 18. e3 Qd7 19. Rc1 Bf8 20. Rxc8 Qxc8 21. Qb1 Qb7 22. Rc1 Bd6 23. Qc2 Kg7 24. Qc6 Qxc6 25. Rxc6 Bb4 26. h3 h5 27. Kf1 g5 28. g4 hxg4 29. hxg4 a5 30. Rxb6 Kf8 31. Rb7 Ke8 32. Ke2 Kf8 33. f3 exf3+ 34. Bxf3 Kg7 35. Kd3 Ne8 36. e4 Nd6 37. Rc7 Kf8 38. e5 Ne8 39. Rb7 f5 40. exf6 Nxf6 41. Kc4 Be1 42. Kc5 Bf2 43. Rb5 e5 44. Rxa5 Bxd4+ 45. Kc4 Bf2 46. Rxe5 Nd7 47. Rxg5 Ke7 48. Rf5 Kd6 49. b4 Be1 50. a5 Bd2 51. a6 1-0


[Site "https://www.chess.com"]

[Event "Titled Tuesday Blitz December 27 Early 2022"]
[White "Bilan, Danila"]
[Black "Jaracz, Pawel"]
[WhiteFideId "24161918"]
[BlackFideId "1102222"]
[WhiteElo "2303"]
[BlackElo "2467"]
[Result "0-1"]
[Round "04"]
[TimeControl "180+2"]
[Date "2022.12.27"]
[WhiteClock "0:00:02"]
[BlackClock "0:00:45"]

1. d4 d5 2. Nf3 Nf6 3. c4 dxc4 4. e3 e6 5. Bxc4 a6 6. Qe2 b5 7. Bd3 Bb7 8. O-O Nbd7 9. e4 c5 10. e5 Nd5 11. Nc3 Be7 12. Nxd5 Bxd5 13. Be4 Nb6 14. dxc5 Bxc5 15. Bxd5 Nxd5 16. Bg5 Qb6 17. Rac1 h6 18. Bh4 O-O 19. Qe4 Rfc8 20. Qg4 Bf8 21. a3 b4 22. a4 b3 23. Qd4 Rc2 24. Qxb6 Nxb6 25. Nd4 Rxb2 26. Rb1 Nxa4 27. Nxb3 Rxb1 28. Rxb1 Rb8 29. Nd2 Rxb1+ 30. Nxb1 g5 31. Bg3 a5 32. f4 Nb2 33. fxg5 hxg5 34. Nc3 a4 35. Na2 Nd3 36. Kf1 Bg7 37. Ke2 Nxe5 38. Nc3 a3 39. Na2 f5 40. Be1 Nc6 41. Kd3 Kf7 42. Kc4 Ne5+ 43. Kb3 Nd3 44. Ba5 Bf8 45. Kc4 Ne5+ 46. Kb3 Nd3 47. Bc3 Nf4 48. g3 Ne2 49. Be5 f4 50. gxf4 gxf4 51. Kc2 Kg6 52. Kd3 Kf5 53. Bc7 Ng1 54. Bb6 Nf3 55. h3 e5 56. Ke2 e4 57. Nc3 Bg7 58. Na2 Nd4+ 59. Kf2 e3+ 60. Ke1 f3 61. h4 Bf6 62. h5 Bh4+ 63. Kf1 e2+ 0-1


[Site "https://www.chess.com"]

[Event "Titled Tuesday Blitz December 27 Early 2022"]
[White "Bilych, Olexiy"]
[Black "Wagner, Dinara"]
[WhiteFideId "14156504"]
[BlackFideId "24157570"]
[WhiteElo "2441"]
[BlackElo "2417"]
[Result "1/2-1/2"]
[Round "04"]
[TimeControl "180+2"]
[Date "2022.12.27"]
[WhiteClock "0:01:03"]
[BlackClock "0:00:27"]

1. d4 Nf6 2. c4 e6 3. Nf3 d5 4. Nc3 dxc4 5. e4 Bb4 6. Qa4+ Nc6 7. Bxc4 Nxe4 8. O-O Nf6 9. Ne5 Rb8 10. Nxc6 bxc6 11. Qxc6+ Qd7 12. Qxd7+ Bxd7 13. Bg5 Bxc3 14. bxc3 Ne4 15. Bf4 Nxc3 16. Rac1 Nb5 17. Bxb5 Bxb5 18. Rfe1 O-O 19. Rxc7 Rfc8 20. Rxa7 Ra8 21. Rxa8 Rxa8 22. Ra1 f6 23. h4 h5 24. a3 Ra4 25. Be3 Bc4 26. Rc1 Bd5 27. Rc3 Rc4 28. Rxc4 Bxc4 29. a4 Kf7 30. a5 Ke7 31. f3 Kd6 32. g4 hxg4 33. fxg4 Be2 34. Kf2 Bxg4 35. a6 Kc6 36. a7 Kb7 37. d5 exd5 38. Kg3 Bf5 39. Kf4 Bc2 40. Bd4 Bb1 41. Ke3 Be4 42. Kd2 Bf3 43. Kc3 g5 44. Bxf6 gxh4 45. Bxh4 Kxa7 46. Kd4 Be4 47. Bg3 Kb6 48. Bf4 Kc6 49. Bg3 Bf3 50. Bf4 Be4 51. Bg3 Bf3 52. Bf4 Be4 1/2-1/2


[Site "https://www.chess.com"]

[Event "Titled Tuesday Blitz December 27 Early 2022"]
[White "Bintang, Rasyid A. Hidayat"]
[Black "Sharifov, Mekhriddin"]
[WhiteFideId "7105355"]
[BlackFideId "14701545"]
[WhiteElo "1820"]
[BlackElo "2209"]
[Result "1-0"]
[Round "04"]
[TimeControl "180+2"]
[Date "2022.12.27"]
[WhiteClock "0:00:20"]
[BlackClock "0:00:19"]

1. d4 Nf6 2. Bf4 g6 3. Nc3 d5 4. e3 Bg7 5. h4 h5 6. Nf3 c5 7. Ne5 Nc6 8. Qd2 O-O 9. dxc5 Qa5 10. Nxc6 bxc6 11. a3 Qxc5 12. Na4 Ne4 13. Nxc5 Nxd2 14. Kxd2 Bxb2 15. Rb1 Bxa3 16. Na6 Bf5 17. Rb3 Bd6 18. Bxd6 exd6 19. Bd3 Be6 20. Rb7 c5 21. Nc7 Rab8 22. Rxa7 c4 23. Be2 Rb2 24. Kc3 Rfb8 25. Nxe6 fxe6 26. Rha1 e5 27. Rd7 R2b6 28. Raa7 Re8 29. Rg7+ Kh8 30. Rh7+ Kg8 31. Rag7+ Kf8 32. Rxg6 d4+ 33. Kxc4 Rc6+ 34. Kd5 Rxc2 35. Bxh5 Rxf2 36. Rh8+ Kf7 37. Rxe8 d3 38. Rgg8+ Kf6 39. Rgf8+ Kg7 40. Rxf2 Kh6 41. g4 e4 42. Rf6+ Kg7 43. Rf7+ Kh6 44. Re6# 1-0


[Site "https://www.chess.com"]

[Event "Titled Tuesday Blitz December 27 Early 2022"]
[White "Bogaudinov, Rushan"]
[Black "Darini, Pouria"]
[WhiteFideId "4129288"]
[BlackFideId "12502200"]
[WhiteElo "1939"]
[BlackElo "2401"]
[Result "0-1"]
[Round "04"]
[TimeControl "180+2"]
[Date "2022.12.27"]
[WhiteClock "0:00:05"]
[BlackClock "0:00:05"]

1. a3 d5 2. e3 Nf6 3. Nf3 Bg4 4. h3 Bh5 5. Bb5+ c6 6. Be2 Nbd7 7. b4 e5 8. Bb2 Bd6 9. d4 Bxf3 10. Bxf3 exd4 11. Bxd4 Be5 12. O-O O-O 13. Nd2 Bxd4 14. exd4 b5 15. a4 a6 16. a5 Ne8 17. Re1 Nd6 18. Qe2 Re8 19. Qd3 g6 20. Kf1 h5 21. Rxe8+ Qxe8 22. Re1 Qf8 23. c3 Re8 24. Rxe8 Qxe8 25. Qe3 Qxe3 26. fxe3 f5 27. g4 Nf6 28. gxh5 g5 29. Nb3 Nd7 30. Ke2 Kg7 31. Kd3 Kh6 32. Nc5 Nxc5+ 33. dxc5 Nc4 34. Kd4 Kg7 35. Be2 Kh6 36. Bxc4 dxc4 37. Ke5 g4 38. hxg4 fxg4 39. Kf4 Kxh5 40. e4 Kh4 41. e5 g3 42. Kf3 Kh3 43. e6 g2 44. e7 g1=Q 45. e8=Q Qg3+ 46. Ke2 Qd3+ 47. Kf2 Qd2+ 48. Kf1 Qxc3 49. Qe6+ Kg3 50. Qxc6 Qc1+ 51. Ke2 Qc2+ 52. Ke1 Qb1+ 53. Ke2 Qb2+ 54. Ke1 Qxb4+ 55. Ke2 Qb2+ 56. Ke3 Qf2+ 0-1


[Site "https://www.chess.com"]